Map: Central Protocol

Players

Grumm - Winner!

  • Race: Protoss Protoss
  • League: Gold

WILDgaroosh

  • Race: Protoss Protoss
  • League: Gold

VOD

Have the link to the VOD?

Description

Time

  • Played on: Jan. 6, 2016, 7:11 p.m.
  • Length: 10:24
Show
View Real Time Build Order
Export as new Build Order

Grumm Protoss - Winner!

Build Orders:  

Get SALT Encoding   

  12  0:03  Probe (Chrono Boost)  
  13  0:13  Probe (Chrono Boost)  
  14  0:19  Pylon  
  14  0:24  Probe (Chrono Boost)  
  15  0:30  Assimilator  
  15  0:41  Gateway  
  15  0:44  Probe (Chrono Boost)  
  16  0:54  Probe (Chrono Boost)  
  17  1:05  Probe (Chrono Boost)  
  18  1:15  Probe (Chrono Boost)  
  18  1:16  Assimilator  
  19  1:25  Pylon  
  19  1:26  Probe (Chrono Boost)  
  19  1:31  Cybernetics Core  
  20  1:36  Probe (Chrono Boost)  
  22  1:47  Probe (Chrono Boost)  
  22  1:55  Gateway  
  22  1:57  Pylon  
  22  2:00  Probe (Chrono Boost)  
  23  2:10  Robotics Facility  
  23  2:14  Warp Gate (Chrono Boost)  
  23  2:20  Adept  
  25  2:31  Probe  
  26  3:00  Immortal  
  30  3:09  Nexus  
  30  3:17  Stalker  
  30  3:19  Sentry  
  34  3:22  Probe  
  35  3:32  Pylon  
  35  3:35  Mothership Core  
  37  3:52  Pylon  
  37  3:56  Probe  
  37  3:57  Forge  
  38  4:09  Gateway  
  38  4:13  Assimilator  
  38  4:18  Observer  
  39  4:25  Stalker  
  39  4:26  Stalker  
  43  4:36  Protoss Ground Weapons Level 1 (Chrono Boost)  
  43  4:56  Pylon  
  43  5:03  Pylon  
  43  5:04  Probe x2  
  45  5:08  Sentry  
  47  5:16  Probe x2  
  49  5:21  Photon Cannon  
  49  5:27  Photon Cannon  
  49  5:29  Probe  
  50  5:37  Pylon  
  50  5:40  Probe  
  50  5:42  Probe  
  52  5:58  Immortal (Chrono Boost)  
  52  6:02  Stalker  
  58  6:05  Stalker  
  60  6:20  Stalker  
  60  6:23  Protoss Ground Armor Level 1  
  62  6:36  Immortal (Chrono Boost)  
  62  6:38  Stalker  
  62  6:39  Stalker  
  70  6:57  Photon Cannon  
  70  7:06  Photon Cannon  
  70  7:13  Pylon  
  70  7:18  Stalker, Immortal (Chrono Boost)  
  70  7:19  Stalker  
  78  7:51  Stalker x3  
  80  7:55  Immortal (Chrono Boost)  
  88  8:03  Pylon  
  88  8:15  Stalker x3  
  94  8:28  Twilight Council  
  94  8:33  Pylon  
  94  9:22  Stalker x2, Immortal (Chrono Boost)  
  94  9:23  Stalker  
  104  9:26  Photon Cannon  
  104  9:28  Photon Cannon  
  104  9:30  Pylon  
  100  10:05  Stalker x3  
Show
View Real Time Build Order
Export as new Build Order

WILDgaroosh Protoss 

Build Orders: 1 Gate Expand 

Get SALT Encoding   

  12  0:03  Probe (Chrono Boost)  
  13  0:13  Probe (Chrono Boost)  
  14  0:19  Pylon  
  14  0:24  Probe (Chrono Boost)  
  16  0:50  Probe (Chrono Boost)  
  16  0:52  Assimilator  
  16  0:58  Gateway  
  16  1:00  Probe (Chrono Boost)  
  17  1:11  Probe (Chrono Boost)  
  18  1:31  Nexus  
  18  1:34  Pylon  
  18  1:37  Pylon, Probe (Chrono Boost)  
  19  1:47  Probe (Chrono Boost)  
  20  1:56  Assimilator  
  20  1:58  Probe (Chrono Boost)  
  21  2:03  Gateway  
  21  2:14  Gateway  
  21  2:17  Probe (Chrono Boost)  
  22  2:28  Probe (Chrono Boost)  
  23  2:31  Cybernetics Core  
  23  2:47  Probe (Chrono Boost)  
  23  2:50  Probe (Chrono Boost)  
  25  2:57  Probe (Chrono Boost)  
  26  3:00  Probe (Chrono Boost)  
  27  3:06  Gateway  
  27  3:13  Twilight Council  
  27  3:16  Robotics Facility  
  27  3:22  Pylon  
  27  3:27  Probe (Chrono Boost)  
  28  3:28  Probe (Chrono Boost)  
  29  3:36  Pylon  
  28  3:46  Gateway  
  28  3:53  Pylon  
  28  3:54  Warp Gate  
  28  3:57  Gateway  
  28  4:04  Stalker x2  
  28  4:07  Probe (Chrono Boost)  
  28  4:08  Probe (Chrono Boost)  
  34  4:11  Observer  
  34  4:17  Stalker  
  37  4:25  Gateway  
  37  4:27  Pylon  
  37  4:33  Stalker  
  37  4:36  Probe (Chrono Boost)  
  37  4:37  Probe (Chrono Boost)  
  41  4:44  Blink (Chrono Boost)  
  41  4:46  Probe  
  41  4:48  Probe  
  43  4:56  Stalker  
  45  5:00  Stalker  
  45  5:02  Probe  
  45  5:04  Probe  
  49  5:07  Assimilator  
  49  5:12  Forge  
  49  5:18  Mothership Core, Probe  
  52  5:30  Pylon  
  52  5:33  Warp Prism (Chrono Boost)  
  52  5:35  Gateway  
  54  5:47  Probe x2  
  54  5:49  Protoss Ground Weapons Level 1 (Chrono Boost)  
  56  6:17  Pylon  
  56  6:22  Probe  
  56  6:25  Pylon  
  57  6:36  Stalker x5  
  57  6:37  Stalker  
  69  6:40  Probe  
  70  6:55  Nexus  
  70  6:57  Stalker  
  70  6:58  Pylon  
  70  7:00  Pylon  
  70  7:05  Probe  
  70  7:08  Probe  
  72  7:11  Stalker x3  
  72  7:12  Stalker  
  80  7:20  Stalker  
  82  7:24  Probe  
  82  7:26  Assimilator  
  82  7:28  Probe  
  84  7:30  Protoss Ground Armor Level 1 (Chrono Boost)  
  84  7:36  Probe  
  76  7:50  Robotics Facility  
  74  7:53  Robotics Facility  
  74  7:55  Pylon  
  74  8:04  Pylon, Stalker x2  
  74  8:05  Stalker x2, Zealot  
  82  8:06  Zealot  
  82  8:08  Probe x2  
  88  8:15  Immortal  
  88  8:20  Pylon  
  88  8:24  Assimilator  
  88  8:25  Probe  
  93  8:27  Probe  
  93  8:29  Probe  
  95  8:37  Probe  
  96  8:42  Immortal  
  96  8:44  Observer  
  96  8:47  Probe  
  101  8:48  Probe  
  95  9:32  Nexus  
  93  9:43  Nexus  
  93  9:44  Pylon  
  93  9:45  Pylon  
  91  9:46  Pylon  
  91  9:47  Pylon x2  
  91  9:49  Pylon  
Tags
 
Add a new tag
Caveats
  • Supply blocks, unpowered buildings, or Contaminate may cause inaccurate times.
  • Supply counts are checked every 10 seconds.